 Dungeon Crawl Stone Soup version 0.25-a0-670-g50981ef59b (webtiles) character file.

Game seed: 16298138945293439366, levelgen mode: deterministic

3 Error4North the Ogre Mage (level 1, 0/16 HPs)
             Began as an Ogre Wizard on Mar 29, 2020.
             Slain by a kobold
             ... wielding a +0 short sword
              (3 damage)
             ... on level 1 of the Dungeon.
             The game lasted 00:00:55 (73 turns).

Error4North the Ogre Mage (Ogre Wizard)               Turns: 73, Time: 00:00:56

Health: 0/16       AC:  3    Str: 10    XL:     1   Next: 50%
Magic:  4/5        EV: 10    Int: 19    God:
Gold:   11         SH:  0    Dex:  7    Spells: 6/7 levels left

rFire    . . .     SeeInvis .   (no weapon)
rCold    . . .     Gourm    .   (no shield)
rNeg     . . .     Faith    .   a - +0 robe
rPois    .         Spirit   .   b - +0 hat
rElec    .         Reflect  .   (no cloak)
rCorr    .         Harm     .   (gloves unavailable)
MR       .....                  (boots unavailable)
Stlth    +.........             (no amulet)
HPRegen  0.05/turn              (no ring)
MPRegen  0.09/turn              (no ring)

@: no status effects
A: large, unfitting armour, tough skin 1
a: no special abilities


You were on level 1 of the Dungeon.
You were not hungry.

You visited 1 branch of the dungeon, and saw 1 of its levels.

You collected 11 gold pieces.

Inventory:

Armour
 a - a +0 robe (worn)
 b - a +0 hat (worn)
Comestibles
 c - a chunk of flesh
 d - a ration


   Skills:
 * Level 1.8 Dodging
 + Level 1.4 Stealth
 * Level 3.8 Spellcasting
 * Level 0.8 Conjurations
   Level 0.8 Summonings
   Level 0.8 Translocations


You had 6 spell levels left.
You knew the following spells:

 Your Spells              Type           Power        Failure   Level  Hunger
a - Magic Dart            Conj           #...         10%         1    None

Your spell library contained the following spells:

 Spells                   Type           Power        Failure   Level  Hunger
 Blink                    Tloc           N/A          16%         2    ##.....
 Call Imp                 Summ           #.......     16%         2    ##.....
 Slow                     Hex            #.......     22%         2    ##.....
 Conjure Flame            Conj/Fire      #.......     34%         3    ###....
 Mephitic Cloud           Conj/Pois/Air  #.......     36%         3    ###....


Dungeon Overview and Level Annotations

Branches:
Dungeon (1/15)

Altars:


Innate Abilities, Weirdness & Mutations

You are too large for most types of armour.
You have tough skin. (AC +1)


Message History

Aim: a goblin, wielding a +0 dagger (severely wounded)
The magic dart hits the goblin.
You kill the goblin!
The kobold throws a stone.
The stone completely misses you.
The kobold hits you with a +0 short sword.
Things that are here:
a +0 dagger; a goblin corpse You hit the kobold but do no damage.
The kobold completely misses you.
You barely miss the kobold.
The kobold hits you with a +0 short sword.
You barely miss the kobold. The kobold misses you.
You hit the kobold but do no damage. The kobold hits you but does no damage.
You hit the kobold but do no damage. The kobold completely misses you.
You hit the kobold but do no damage.
The kobold hits you with a +0 short sword.
* * * LOW HITPOINT WARNING * * *
You barely miss the kobold. The kobold hits you but does no damage.
You barely miss the kobold.
The kobold hits you with a +0 short sword.
You die...

.gK...# ......#
###########.......
#(...รท@K..#.......
#.#######.#...b...
#.# #.#....... #.#
#.#..b.... #.#
#.s...# #.#
#####.s..# #.# #.#
###.###
####.8.8.####


You could see a kobold.

Vanquished Creatures
  A giant cockroach (D:1)
  A goblin (D:1)
  A rat (D:1)
3 creatures vanquished.

Notes
Turn   | Place    | Note
-------+----------+-------------------------------------------
     0 | D:1      | Error4North the Ogre Wizard began the quest for the Orb.
     0 | D:1      | Reached XP level 1. HP: 16/16 MP: 5/5
     7 | D:1      | Noticed a worker ant
     7 | D:1      | Noticed a wyvern
     7 | D:1      | Noticed a polar bear
     7 | D:1      | Noticed a black mamba
    73 | D:1      | Slain by a kobold

Levels and vault maps discovered:
D:1:      onia_arrival_zoo_common, layout_basic, minmay_tetromino_l4

Action                   || total
-------------------------++-------
Melee: Unarmed           ||    18
 Cast: Magic Dart        ||     3
Armor: Robe              ||     3
Dodge: Dodged            ||     7

Table legend:
 A = Non-vault XP
 B = Vault XP
 C = Vault XP percentage of total XP
 D = Non-vault monster count
 E = Vault monster count
 F = Vault count percentage of total count
                 A         B        C        D         E       F
            +---------+---------+-------+---------+---------+-------
      Total |       5 |       0 |   0.0 |       3 |       0 |   0.0
            +---------+---------+-------+---------+---------+-------
        D:1 |       5 |       0 |   0.0 |       3 |       0 |   0.0
            +---------+---------+-------+---------+---------+-------
